 Dungeon Crawl Stone Soup version 0.21.1-1-g345015fe64 (webtiles) character file.

980 Naru the Covert (level 8, -6/41 HPs)
             Began as a Vine Stalker Assassin on June 20, 2018.
             Was a Believer of Uskayaw.
             Mangled by a black bear (8 damage)
             ... on level 5 of the Dungeon.
             The game lasted 00:15:08 (5060 turns).

Naru the Covert (Vine Stalker Assassin)             Turns: 5060, Time: 00:15:10

Health: -6/41      AC:  7    Str: 13    XL:     8   Next: 17%
Magic:  0/9        EV: 11    Int: 13    God:    Uskayaw [**....]
Gold:   233        SH:  0    Dex: 17    Spells: 7/7 levels left

rFire    . . .     SeeInvis .   a - +3 dagger
rCold    + . .     Gourm    .   (no shield)
rNeg     . . .     Faith    .   n - +1 ring mail {rC+}
rPois    .         Spirit   +   (no helmet)
rElec    .         Reflect  .   d - +0 cloak
rCorr    .         Harm     .   (no gloves)
MR       +....                  (no boots)
Stlth    +++.......             r - amulet of regeneration
HPRegen  0.93/turn              (no ring)
MPRegen  0.11/turn              (no ring)

@: no status effects
A: fangs 3, regeneration 1, magic shield, antimagic bite, no potion heal 3, rot
immunity
a: Stomp, Line Pass, Renounce Religion


You were on level 5 of the Dungeon.
You worshipped Uskayaw.
Uskayaw was noncommittal.
You were not hungry.

You visited 1 branch of the dungeon, and saw 5 of its levels.

You collected 233 gold pieces.

Inventory:

Hand Weapons
 a - a +3 dagger (weapon)
 b - a +0 blowgun
Missiles
 c - 16 arrows
 e - 21 poisoned needles
 f - 2 curare-tipped needles
 m - 38 bolts
Armour
 d - a +0 cloak (worn)
 n - a +1 ring mail of cold resistance (worn)
Jewellery
 r - an amulet of regeneration (around neck)
Wands
 j - a wand of clouds (5)
 l - a wand of polymorph (6)
Scrolls
 h - 3 scrolls of fear
 k - 5 scrolls of identify
 s - a scroll of blinking {unknown}
 t - a scroll of enchant armour {unknown}
Potions
 i - 3 potions of curing
 q - a potion of heal wounds
Books
 o - a book of Necromancy

   Spells                             Type                      Level
   a - Pain                           Necromancy                   1
   b - Animate Skeleton               Necromancy                   1
   c - Vampiric Draining              Necromancy                   3
   d - Regeneration                   Charms/Necromancy            3
   e - Animate Dead                   Necromancy                   4
   f - Borgnjor's Vile Clutch         Necromancy/Earth             5
Comestibles
 g - 5 rations


   Skills:
 * Level 3.6 Fighting
 * Level 4.8 Short Blades
 - Level 1.7 Throwing
 + Level 2.6 Armour
 + Level 1.8 Dodging
 * Level 8.5 Stealth


You had 7 spell levels left.
You didn't know any spells.

Dungeon Overview and Level Annotations

Branches:
Dungeon (5/15)             Temple (0/1) D:4

Altars:
Ashenzari
Elyvilon
Fedhas
Trog
Uskayaw
Vehumet
The Shining One

Annotations:
D:4 1 runed door
D:5 Menkaure


Innate Abilities, Weirdness & Mutations

You have razor-sharp teeth.
Your natural rate of healing is unusually fast.
When hurt, damage is shared between your health and your magic reserves.
Your bite disrupts and absorbs the magic of your enemies.
Potions cannot restore your health.
You are immune to rotting.


Message History

The black bear barely misses you.
You barely miss the black bear.
The black bear is almost dead.
The black bear barely misses you. The black bear claws you.
* * * LOW HITPOINT WARNING * * *
The black bear claws you.
* * * LOW HITPOINT WARNING * * *
You hit the black bear.
The black bear is almost dead.
The black bear bites you.
* * * LOW HITPOINT WARNING * * *
The black bear claws you but does no damage. x2
You don't have enough magic at the moment.
You hit the black bear but do no damage.
The black bear is almost dead.
The black bear bites you.
* * * LOW HITPOINT WARNING * * *
The black bear claws you but does no damage.
The black bear completely misses you. The black bear bites you!
You die...

##### ###...###
#.......### ..
#......$..#
#.###.........#
..#...........
#.#...........
#.#..h@.....#
#..........##
#.≈≈≈♣....##
#P.≈≈P...##
#..≈♣..###
###.....## #...
###...#.#...#
###..#
##...#######...
##....##
###...##
#..##......#


You could see a black bear (berserk).

Vanquished Creatures
  Eustachio (D:5)
  A phantom (D:4)
  A sky beast (D:3)
  2 ogres
  2 centaur skeletons
  A hound (D:4)
  2 orc wizards (D:3)
  A bullfrog skeleton (D:4)
  3 worker ants
  2 hound skeletons (D:4)
  4 gnolls (D:4)
  7 adders
  2 oozes
  2 worms
  5 dart slugs
  2 leopard geckos (D:3)
  5 orcs
  4 giant cockroaches
  11 goblins
  10 hobgoblins
  15 jackals
  A quokka (D:2)
  3 ball pythons
  14 bats
  A frilled lizard (D:2)
  A jackal skeleton (D:4)
  7 kobolds
  A quokka zombie (D:5)
  10 rats
121 creatures vanquished.

Notes
Turn   | Place    | Note
-------+----------+-------------------------------------------
     0 | D:1      | Naru the Vine Stalker Assassin began the quest for the Orb.
     0 | D:1      | Reached XP level 1. HP: 11/11 MP: 2/2
   167 | D:1      | Reached skill level 5 in Stealth
   202 | D:1      | Reached XP level 2. HP: 10/15 MP: 3/3
   607 | D:1      | Reached XP level 3. HP: 18/18 MP: 4/4
   957 | D:2      | Reached skill level 6 in Stealth
  1765 | D:2      | Found a radiant altar of Vehumet.
  1768 | D:2      | Found a white marble altar of Elyvilon.
  1771 | D:2      | Found a blossoming altar of Fedhas.
  1832 | D:2      | Gained mutation: Your natural rate of healing is unusually fast. [Vine Stalker growth]
  1832 | D:2      | Reached XP level 4. HP: 14/23 MP: 3/5
  1928 | D:2      | Reached skill level 1 in Dodging
  2184 | D:2      | Reached XP level 5. HP: 27/27 MP: 6/6
  2735 | D:3      | Found a hide-covered altar of Uskayaw.
  2736 | D:3      | Found a bloodstained altar of Trog.
  2879 | D:3      | Reached skill level 7 in Stealth
  2957 | D:3      | Reached XP level 6. HP: 32/32 MP: 7/7
  3107 | D:3      | Noticed a sky beast
  3123 | D:3      | Killed a sky beast
  3123 | D:3      | Reached skill level 1 in Armour
  3479 | D:4      | Found a shattered altar of Ashenzari.
  3527 | D:4      | Noticed a phantom
  3566 | D:3      | Reached XP level 7. HP: 20/35 MP: 4/8
  4132 | D:3      | Became a worshipper of Uskayaw the Reveler
  4237 | D:4      | Reached * piety under Uskayaw
  4240 | D:4      | Reached ** piety under Uskayaw
  4305 | D:4      | Found a runed door.
  4372 | D:4      | Reached skill level 8 in Stealth
  4604 | D:4      | Found a glowing golden altar of the Shining One.
  4673 | D:4      | Found a staircase to the Ecumenical Temple.
  4698 | D:4      | Reached *** piety under Uskayaw
  4934 | D:5      | Entered Level 5 of the Dungeon
  4934 | D:5      | Noticed Menkaure
  4981 | D:5      | Noticed Eustachio
  4997 | D:5      | Killed Eustachio
  4997 | D:5      | Gained mutation: You have razor-sharp teeth. [Vine Stalker growth]
  4997 | D:5      | Reached XP level 8. HP: 39/40 MP: 9/9
  5060 | D:5      | HP: 2/41 [black bear (2)]
  5060 | D:5      | Mangled by a black bear

Skill      XL: |  1  2  3  4  5  6  7 |
---------------+----------------------+-----
Stealth        | 5 6 7 8 |  8.5
Short Blades   | 2 3 4 |  4.8
Fighting       | 2 3 |  3.6
Dodging        | 1 |  1.8
Armour         | 1 2 |  2.6
Throwing       | |  1.7

Action                   |  1- 3 |  4- 6 |  7- 9 || total
-------------------------+-------+-------+-------++-------
Melee: Dagger            |   124 |   210 |   121 ||   455
       Bite              |    28 |    42 |    39 ||   109
Invok: Stomp             |       |       |     1 ||     1
       Line Pass         |       |       |     1 ||     1
  Use: Potion            |     1 |       |       ||     1
       Scroll            |       |     4 |       ||     4
 Stab: Sleeping          |    14 |     9 |     7 ||    30
       Paralysed         |       |       |     1 ||     1
       Confused          |       |       |     1 ||     1
  Eat: Ration            |     1 |     2 |     1 ||     4
       Chunk             |       |     1 |       ||     1
Armor: Robe              |    34 |     6 |       ||    40
       Ring mail         |       |    76 |    50 ||   126
Dodge: Dodged            |    93 |    99 |    84 ||   276
